 Dungeon Crawl Stone Soup version 0.28-a0-1167-g616b1c6417 (webtiles) character file.

Game seed: 13987000560899807413

4732 LadyOphelia the Cleaver (level 10, -7/88 HPs)
             Began as a Red Draconian Berserker on Dec 16, 2021.
             Was an Elder of Trog.
             Mangled by an 11-headed hydra (8 damage)
             ... on level 11 of the Dungeon.
             The game lasted 00:35:02 (11065 turns).

LadyOphelia the Cleaver (Red Draconian Berserker)  Turns: 11065, Time: 00:35:04

Health: -7/88      AC: 16    Str: 34    XL:     10   Next: 22%
Magic:  0/10       EV: 13    Int:  8    God:    Trog [****..]
Gold:   548        SH:  3    Dex: 10    Spells: 9/9 levels left

rFire   + . .      SeeInvis .   g - +2 war axe (vorpal)
rCold   . . .      Faith    .   s - +0 buckler of Words of Power {Str+4}
rNeg    . . .      Spirit   +   (armour unavailable)
rPois   .          Reflect  .   (helmet restricted)
rElec   .          Harm     .   i - +2 cloak
rCorr   .          Rampage  .   j - +1 pair of gloves
Will    .....                   (no boots)
Stlth   ++........              c - amulet of guardian spirit
HPRegen 0.24/turn               z - +4 ring of protection
MPRegen 0.12/turn               x - +6 ring of strength

@: brilliant, spiked, on berserk cooldown, slowed, very slow
A: breathe fire, AC +7, unfitting armour, fire resistance 1, cold-blooded
a: Breathe Fire, Renounce Religion, Berserk, Trog's Hand, Brothers in Arms


You were on level 11 of the Dungeon.
You worshipped Trog.
Trog was greatly pleased with you.
You visited 2 branches of the dungeon, and saw 12 of its levels.

You collected 604 gold pieces.
You spent 56 gold pieces at shops.

Inventory:

Hand Weapons
 a - a +0 hand crossbow
 g - a +2 vorpal war axe (weapon)
 o - a +2 flail of protection
 w - a +1 long sword of draining
 G - a +0 double sword of holy wrath
Armour
 i - a +2 cloak (worn)
 j - a +1 pair of gloves (worn)
 s - the +0 buckler of Words of Power (worn) {Str+4}
   (You found it on level 7 of the Dungeon)

   Str:       It affects your strength (+4).
Jewellery
 c - an amulet of guardian spirit (around neck)
 f - a +4 ring of evasion
 h - the amulet "Anwoghyrphu" {RegenMP Regen+ Str-2 Dex+4}
   (You found it on level 9 of the Dungeon)

   [amulet of magic regeneration]

   It increases your rate of magic regeneration.
   Str:       It affects your strength (-2).
   Dex:       It affects your dexterity (+4).
   Regen:     It increases your rate of health regeneration.
 x - a +6 ring of strength (right hand)
 z - a +4 ring of protection (left hand)
Wands
 b - a wand of iceblast (13)
 m - a wand of paralysis (9)
Scrolls
 q - a scroll of blinking {unknown}
 t - 2 scrolls of fear
 v - 2 scrolls of teleportation
 y - a scroll of silence
 B - a scroll of magic mapping {unknown}
 C - a scroll of amnesia {unknown}
 D - a scroll of enchant armour
 F - a scroll of acquirement {unknown}
Potions
 d - a potion of degeneration
 e - 2 potions of cancellation
 k - a potion of haste
 l - 3 potions of lignification
 n - a potion of magic
 r - a potion of berserk rage {unknown}
 u - 2 potions of curing {unknown}
 A - a potion of heal wounds {unknown}
 E - a potion of flight {unknown}
 H - a potion of might {unknown}


   Skills:
 + Level 7.8 Fighting
 + Level 11.3 Axes
 + Level 6.8 Dodging
 + Level 4.2 Stealth


You had 9 spell levels left.
You didn't know any spells.
Your spell library was empty.

Dungeon Overview and Level Annotations

Branches:
Dungeon (11/15)            Temple (1/1) D:5
   Lair: D:8-11         Orc: D:9-12

Altars:
Ashenzari
Cheibriados
Dithmenos
Elyvilon
Fedhas
Gozag
Hepliaklqana
Kikubaaqudgha
Makhleb
Nemelex Xobeh
Okawaru
Qazlal
Ru
Sif Muna
Trog
Uskayaw
Vehumet
Wu Jian
Xom
Yredelemnul
Zin
The Shining One

Shops:
D:3 [   D:8 *

Portals:
Bailey: D:9


Innate Abilities, Weirdness & Mutations

You can breathe blasts of fire.
Your fiery red scales are hard. (AC +7)
You cannot fit into any form of body armour.
Your flesh is heat resistant. (rF+)
You are cold-blooded and may be slowed by cold attacks.


Message History

You are no longer berserk.
You are exhausted.
You feel yourself slow down.
The manticore flicks its tail.
The volley of spikes hits you.
The barbed spikes become lodged in your body.
Cleave: g) +2 war axe (vorpal)
Press: ? - help, Dir - move target, f - ten-headed hydra
Aim: a ten-headed hydra (almost dead, about 19% to evade your +2 vorpal war axe)
You slice one of the ten-headed hydra's heads off!
The nine-headed hydra grows two more!
You slash the 11-headed hydra!
The 11-headed hydra is almost dead.
The 11-headed hydra bites you but does no damage. x2
The 11-headed hydra closely misses you. The 11-headed hydra bites you.
* * * LOW HITPOINT WARNING * * *
The 11-headed hydra bites you but does no damage.
The 11-headed hydra bites you.
* * * LOW HITPOINT WARNING * * *
You block the 11-headed hydra's attack. The 11-headed hydra bites you.
* * * LOW HITPOINT WARNING * * *
The 11-headed hydra bites you but does no damage.
The 11-headed hydra bites you!
* * * LOW HITPOINT WARNING * * *
The 11-headed hydra bites you but does no damage.
The manticore flicks its tail.
The volley of spikes misses you.
The volley of spikes hits the 11-headed hydra.
Cleave: g) +2 war axe (vorpal)
Press: ? - help, Dir - move target, f - manticore, p - 11-headed hydra
Aim: a manticore (about 25% to evade your +2 vorpal war axe)
Your weapon can't reach that far!
Okay, then.
It was a potion of brilliance.
You feel clever all of a sudden. The 11-headed hydra misses you.
The 11-headed hydra bites you but does no damage.
The 11-headed hydra barely misses you. The 11-headed hydra bites you.
* * * LOW HITPOINT WARNING * * *
The 11-headed hydra bites you!
You die...

#....(.##.#....#.#..
##.........#.##.#....
#....#####'#.##.#####
#..#.#............#
#..#.#............#
#....#+#######....#
##...........######
#.##..#.....#
#H.@D.......#
....................
#.....##..#..#.....#
....................
####################


You could see a 11-headed hydra (skewered) and a manticore.

Vanquished Creatures
  Maggie (D:6)
  Psyche (D:8)
  2 trolls (D:10)
  A hornet (D:8)
  Prince Ribbit (D:7)
  Sigmund (D:5)
  A wraith (D:9)
  3 wyverns
  2 steam dragons
  Edmund (D:6)
  An orc warrior (D:9)
  A sky beast (D:5)
  2 ice beasts
  A necrophage (D:6)
  4 kobold brigands
  3 bullfrogs
  A gnoll sergeant (D:8)
  A scorpion (D:5)
  7 killer bees
  4 howler monkeys
  A centaur zombie (D:6)
  2 hounds (D:5)
  Crazy Yiuf (D:4)
  4 orc priests
  2 jellies
  3 iguanas
  4 orc wizards
  A killer bee zombie (D:8)
  A howler monkey zombie (D:7)
  A howler monkey skeleton (D:6)
  5 gnolls (D:8)
  3 adders
  2 shadow imps (D:7)
  2 white imps
  An ufetubus (D:7)
  An adder skeleton (D:4)
  2 worms (D:2)
  A dart slug (D:2)
  34 orcs
  7 ball pythons
  10 endoplasms
  2 giant cockroaches
  8 goblins
  5 hobgoblins
  2 jackals (D:1)
  5 quokkas
  6 bats
  3 frilled lizards
  24 kobolds
  3 rats (D:2)
185 creatures vanquished.

Vanquished Creatures (others)
  10 plants (D:10)
10 creatures vanquished.

Grand Total: 195 creatures vanquished

Notes
Turn   | Place    | Note
-------+----------+-------------------------------------------
     0 | D:1      | LadyOphelia the Draconian Berserker began the quest for the
                  | Orb.
     0 | D:1      | Reached XP level 1. HP: 19/19 MP: 1/1
   157 | D:1      | Reached XP level 2. HP: 25/26 MP: 2/2
   204 | D:1      | Found a faded altar of an unknown god.
   523 | D:1      | You fall into a shaft and drop 1 floor!
   646 | D:2      | Reached XP level 3. HP: 33/33 MP: 3/3
   973 | D:2      | Reached XP level 4. HP: 34/40 MP: 1/4
  1140 | D:2      | Found a burning altar of Makhleb.
  1158 | D:2      | Reached skill level 4 in Axes
  1231 | D:2      | Reached ** piety under Trog
  1769 | D:3      | Found a glowing golden altar of the Shining One.
  2273 | D:3      | Found Wutil's Antique Armour Emporium.
  2524 | D:4      | Found a runed translucent door.
  2525 | D:4      | Noticed Crazy Yiuf
  2863 | D:4      | Noticed an ice beast
  2869 | D:4      | Killed an ice beast
  2870 | D:4      | Reached XP level 5. HP: 47/47 MP: 5/5
  3090 | D:4      | Reached skill level 5 in Axes
  4037 | D:4      | Reached skill level 1 in Stealth
  4227 | D:4      | Killed Crazy Yiuf
  4228 | D:4      | Reached XP level 6. HP: 53/53 MP: 6/6
  4273 | D:5      | Entered Level 5 of the Dungeon
  4295 | D:5      | Found a staircase to the Ecumenical Temple.
  4298 | D:5      | Noticed Sigmund
  4319 | D:5      | Killed Sigmund
  4320 | D:5      | Reached skill level 5 in Fighting
  4320 | D:5      | Reached skill level 6 in Axes
  4320 | D:5      | Your scales start taking on a fiery red colour.
  4320 | D:5      | Reached XP level 7. HP: 38/61 MP: 5/7
  4320 | D:5      | Gained mutation: Your flesh is heat resistant. (rF+) [Red
                  | Draconian growth]
  4405 | Temple   | Entered the Ecumenical Temple
  4793 | D:5      | Found a sand-covered staircase.
  5307 | D:6      | Noticed Edmund
  5320 | D:6      | Reached skill level 7 in Axes
  5336 | D:6      | Killed Edmund
  5337 | D:6      | Reached XP level 8. HP: 26/69 MP: 4/8
  5590 | D:6      | Noticed Maggie
  5609 | D:6      | HP: 1/69 [Maggie (9)]
  5613 | D:6      | Killed Maggie
  6273 | D:6      | Reached skill level 5 in Dodging
  6493 | D:6      | Reached skill level 8 in Axes
  6966 | D:7      | Noticed Prince Ribbit
  6999 | D:7      | Killed Prince Ribbit
  7187 | D:7      | Identified the +0 buckler of Words of Power {Str+4}
  7261 | D:7      | Found a blossoming altar of Fedhas.
  7762 | D:7      | Reached XP level 9. HP: 75/75 MP: 9/9
  7804 | D:7      | Found a stormy altar of Qazlal.
  7926 | D:8      | Found Balaoged's Assorted Antiques.
  7934 | D:8      | Bought a scroll of identify for 56 gold pieces
  8020 | D:8      | Reached *** piety under Trog
  8094 | D:8      | Noticed Psyche
  8099 | D:8      | Reached skill level 9 in Axes
  8104 | D:8      | Killed Psyche
  8358 | D:8      | Reached skill level 10 in Axes
  8511 | D:8      | Found an iron altar of Okawaru.
  8704 | D:9      | Reached **** piety under Trog
  8776 | D:9      | Identified the amulet "Anwoghyrphu" {RegenMP Regen+ Str-2
                  | Dex+4}
  8847 | D:9      | Found a sacrificial altar of Ru.
  8971 | D:9      | Found a flagged portal.
  9168 | D:10     | Entered Level 10 of the Dungeon
  9211 | D:10     | Noticed a troll
  9220 | D:10     | Noticed a troll
  9235 | D:10     | Killed a troll
  9236 | D:10     | Reached skill level 11 in Axes
  9236 | D:10     | Reached XP level 10. HP: 62/86 MP: 5/10
  9622 | D:10     | Found an opulent altar of Gozag.
 11048 | D:11     | Noticed a seven-headed hydra
 11061 | D:11     | Noticed a manticore
 11064 | D:11     | HP: 3/88 [11-headed hydra (11)]
 11065 | D:11     | HP: 1/88 [11-headed hydra (3)]
 11065 | D:11     | Mangled by an 11-headed hydra

Illustrated notes

Levels and vault maps discovered:
D:1:      grunt_arrival_lava_bath, layout_loops_cross,
          ebering_ecumenical_altar_petrified
D:2:      layout_loops_corners, basic_altar, supply_closet_lemuel,
          minmay_misc_feat_iff, minmay_split_cup_large
D:3:      layout_rooms, nicolae_tso_carved_into_rock, serial_shops,
          shop_fountains
D:4:      layout_basic, uniq_crazy_yiuf_cottage
D:5:      layout_basic, minmay_temple_entry_offerings,
          nicolae_ossuary_entry_false_entrances, uniq_sigmund
D:6:      layout_basic, uniq_edmund, uniq_maggie
D:7:      nicolae_cairo_tiling_large, layout_rooms, lemuel_tele_altar,
          nicolae_qazlal_eye_of_the_storm, kennysheep_nondescript,
          nicolae_figureground_sparkle, uniq_prince_ribbit1
D:8:      layout_basic, mainiacjoe_overflow_surrounded_room, serial_shops, shop,
          uniq_psyche
D:9:      layout_long_grid, mainiacjoe_overflow_alcove_2, enter_bailey_3
D:10:     layout_loops_ring, grunt_gozag_statues, lair_entry_dummy,
          chequers_big_river
D:11:     layout_stronghold, gauntlet_entry_generic
Temple:   minmay_temple_bridge_d

Skill      XL: |  1  2  3  4  5  6  7  8  9 |
---------------+----------------------------+-----
Dodging        | 3 4 5 6 |  6.8
Fighting       | 4 5 6 7 |  7.8
Axes           | 4 5 6 7 8 11 | 11.3
Stealth        | 1 2 3 4 |  4.2

Action                   |  1- 3 |  4- 6 |  7- 9 | 10-12 || total
-------------------------+-------+-------+-------+-------++-------
Melee: Hand axe          |    69 |    75 |       |       ||   144
       Tailslap          |    10 |    20 |    41 |    12 ||    83
       War axe           |       |    60 |   256 |    49 ||   365
Invok: Berserk           |     1 |     1 |     3 |     1 ||     6
       Trog's Hand       |       |       |     1 |       ||     1
Evoke: Wand              |       |       |       |     1 ||     1
  Use: Potion            |       |     2 |       |     1 ||     3
       Scroll            |       |     3 |    11 |       ||    14
 Stab: Sleeping          |       |     2 |     4 |       ||     6
Armor: Skin              |    36 |    39 |    80 |    88 ||   243
Dodge: Dodged            |    50 |    87 |   214 |    68 ||   419
Block: Buckler           |       |       |    17 |    14 ||    31

Table legend: (Time is in decaauts)
 A = Elapsed time spent in this place.
 B = Non-inter-level travel time spent in this place.
 C = Inter-level travel time spent in this place.
 D = Time resting spent in this place.
 E = Time spent auto-exploring this place.
 F = Levels seen in this place.
 G = Mean time per level.
                   A        B        C        D        E       F      G
               +--------+--------+--------+--------+--------+-----+--------+
         Total |  11188 |  10825 |    363 |   2136 |   6049 |  12 |  932.3 |
       Dungeon |  10927 |  10564 |    363 |   2136 |   5810 |  11 |  993.4 |
        Temple |    261 |    261 |      0 |      0 |    239 |   1 |  261.0 |
               +--------+--------+--------+--------+--------+-----+--------+

Top non-repeatable levels by time:
     D:6: 1729 daAuts
    D:10: 1602 daAuts
     D:4: 1490 daAuts
     D:2: 1478 daAuts
     D:7: 982 daAuts
     D:3: 766 daAuts
     D:8: 692 daAuts
     D:5: 656 daAuts
     D:9: 631 daAuts
     D:1: 593 daAuts
    D:11: 303 daAuts
  Temple: 261 daAuts
